Map: [ESL] NeoHumanity

Players

Spirit (souL)

  • Race: Protoss Protoss
  • League: Master
  • Spawn Location: 11:00

Lambo - Winner!

  • Race: Zerg Zerg
  • Spawn Location: 5:00

VOD

Have the link to the VOD?

Description

Time

  • Played on: April 26, 2023, 2:32 p.m.
  • Length: 3:59
Show
View Real Time Build Order
Export as new Build Order

Spirit Protoss 

Build Orders: 1 Gate Expand 

Get SALT Encoding   

  12  0:03  Probe  
  13  0:15  Probe  
  14  0:22  Pylon  
  14  0:28  Probe  
  15  0:41  Probe (Chrono Boost)  
  16  0:48  Gateway  
  17  0:50  Assimilator  
  17  0:51  Probe (Chrono Boost)  
  17  0:56  Probe (Chrono Boost)  
  18  1:07  Probe  
  19  1:29  Nexus  
  19  1:39  Cybernetics Core  
  19  1:40  Assimilator, Probe (Chrono Boost)  
  20  1:49  Probe (Chrono Boost)  
  21  1:54  Probe  
  22  2:07  Probe  
  23  2:11  Pylon  
  23  2:25  Stargate  
  23  2:26  Adept (Chrono Boost)  
  23  2:29  Probe  
  26  2:41  Probe (Chrono Boost)  
  28  2:47  Probe (Chrono Boost)  
  28  2:48  Gateway  
  28  2:49  Adept  
  28  2:51  Probe (Chrono Boost)  
  31  2:54  Probe (Chrono Boost)  
  34  3:07  Shield Battery  
  34  3:11  Void Ray (Chrono Boost)  
  34  3:13  Pylon  
  34  3:20  Pylon  
  34  3:24  Pylon  
  32  3:30  Shield Battery  
  32  3:33  Shield Battery  
  32  3:41  Probe  
  32  3:42  Probe  
  32  3:44  Shield Battery  
Show
View Real Time Build Order
Export as new Build Order

Lambo Zerg - Winner!

Build Orders: Pool First 

Get SALT Encoding   

  12  0:00  Drone  
  13  0:13  Overlord  
  13  0:20  Drone  
  14  0:31  Drone x2  
  14  0:35  Drone  
  17  0:45  Extractor, Drone  
  17  0:49  Spawning Pool  
  17  0:57  Drone  
  17  1:08  Drone  
  18  1:16  Hatchery  
  17  1:20  Drone  
  18  1:37  Zergling x2  
  19  1:40  Roach Warren  
  19  1:45  Queen  
  20  1:53  Metabolic Boost  
  20  2:00  Overlord  
  20  2:04  Zergling x2  
  21  2:20  Roach x2  
  25  2:24  Roach  
  25  2:29  Roach  
  29  2:41  Roach  
  29  2:42  Zergling x2  
  32  2:48  Zergling x2  
  32  2:51  Zergling x2  
  34  2:52  Overlord  
  34  2:54  Zergling x2  
  34  2:56  Zergling x2  
  36  3:01  Extractor  
  36  3:04  Ravager  
  36  3:11  Zergling x6  
  40  3:14  Zergling x2  
  41  3:22  Zergling x2  
  41  3:24  Zergling x2  
  42  3:31  Zergling x4  
  44  3:40  Overlord  
  44  3:47  Extractor  
  41  3:52  Ravager  
Tags
 
Add a new tag
Caveats
  • Supply blocks, unpowered buildings, or Contaminate may cause inaccurate times.
  • Supply counts are checked every 10 seconds.